 Dungeon Crawl Stone Soup version 0.25-a0-310-g60f0ac2d9a (webtiles) character file.

Game seed: 13150151637791366006, levelgen mode: classic

599 Borgoz the Cudgeler (level 7, -7/44 HPs)
             Began as a Gargoyle Gladiator on Dec 23, 2019.
             Was an Initiate of Ashenzari.
             Killed by divine providence
             ... invoked by an orc priest
              (10 damage)
             ... on level 6 of the Dungeon.
             The game lasted 00:06:40 (5413 turns).

Borgoz the Cudgeler (Gargoyle Gladiator)            Turns: 5413, Time: 00:06:40

Health: -7/44      AC: 14    Str: 19    XL:     7   Next: 41%
Magic:  7/7        EV: 12    Int:  8    God:    Ashenzari [......]
Gold:   160        SH:  0    Dex: 12    Spells: 6/6 levels left

rFire    . . .     SeeInvis .   r - +0 flail (crush)
rCold    . . .     Gourm    .   (no shield)
rNeg     + . .     Faith    .   u - +0 ring mail
rPois    ∞         Spirit   .   c - +0 helmet
rElec    +         Reflect  .   e - +0 cloak
rCorr    .         Harm     .   (no gloves)
MR       .....                  b - +0 pair of boots
Stlth    +.........             (no amulet)
HPRegen  0.14/turn              (no ring)
MPRegen  0.10/turn              (no ring)

@: no status effects
A: negative energy resistance 1, electricity resistance, unbreathing,
petrification resistance, rot immunity, AC +4
a: Curse Item, Renounce Religion


You were on level 6 of the Dungeon.
You worshipped Ashenzari.
Ashenzari was noncommittal.
You were very hungry.

You visited 2 branches of the dungeon, and saw 7 of its levels.

You collected 314 gold pieces.
You spent 154 gold pieces at shops.

Inventory:

Hand Weapons
 r - a +0 flail of crushing (weapon)
 s - a +0 morningstar
Missiles
 d - a throwing net (quivered)
Armour
 b - a +0 pair of boots (worn)
 c - a +0 helmet (worn)
 e - a +0 cloak (worn)
 u - a +0 ring mail (worn)
Jewellery
 v - a +1 ring of evasion
Scrolls
 h - a scroll of teleportation {unknown}
 i - a scroll of magic mapping
 j - a scroll of identify
 k - 4 scrolls of remove curse
 l - 2 scrolls of enchant weapon {unknown}
 m - a scroll of fear {unknown}
 n - a scroll of random uselessness {unknown}
 o - 3 scrolls of enchant armour {unknown}
Potions
 a - a potion of mutation
 p - a potion of might
 t - a potion of agility
Comestibles
 f - 7 rations


   Skills:
 + Level 4.6 Fighting
 + Level 4.8 Maces & Flails
 - Level 1.7 Throwing
 + Level 4.0 Armour
 + Level 4.0 Dodging


You had 6 spell levels left.
You didn't know any spells.
Your spell library was empty.

Dungeon Overview and Level Annotations

Branches:
Dungeon (6/15)             Temple (1/1) D:5

Altars:
Ashenzari
Cheibriados
Dithmenos
Fedhas
Gozag
Kikubaaqudgha
Makhleb
Nemelex Xobeh
Okawaru
Qazlal
Uskayaw
Wu Jian
Xom
Yredelemnul
Zin
The Shining One

Shops:
D:5 !


Innate Abilities, Weirdness & Mutations

You are resistant to torment.
Your stone body is resilient. (AC +4)
You are immune to poison.
You resist negative energy. (rN+)
You are resistant to electric shocks. (rElec)
You can survive without breathing.
You are immune to petrification.
You are immune to rotting.


Message History

You hit the orc warrior.
The orc warrior is moderately wounded.
The orc warrior hits you with a +0 mace of holy wrath.
You closely miss the orc warrior.
The orc warrior is moderately wounded.
The orc warrior hits you with a +0 mace of holy wrath.
You barely miss the orc warrior.
The orc warrior is moderately wounded.
The orc warrior hits you with a +0 mace of holy wrath!!
* * * LOW HITPOINT WARNING * * *
You feel better. The orc warrior barely misses you.
The orc priest calls upon Beogh to heal the orc warrior.
The orc warrior is healed somewhat.
A quokka comes into view.
The orc priest calls down the wrath of Beogh upon you.
Beogh smites you!
* * * LOW HITPOINT WARNING * * *
The orc priest calls down the wrath of Beogh upon you.
Beogh smites you!
You die...

#.. #.....# #.# #+#
#....## #c# #.# ##.###
#.# ####.### #.# #o#
#......# #.# #o#
#.#....# #.# #.#
####......# #.#
#.###...oo.c..######.#
#.....##.##...o@.....#
########.##.#.########
#.##.#.# #....r.#
####.### #.# ..# ##.


You could see an orc warrior, a centaur, an orc priest and an orc.

Vanquished Creatures
  An ice beast (D:3)
  An ogre (D:4)
  A howler monkey (D:4)
  An orc priest (D:3)
  3 orc wizards
  An iguana (D:6)
  13 adders
  An ooze (D:1)
  An adder skeleton (D:4)
  A worm (D:3)
  2 dart slugs (D:1)
  A leopard gecko (D:1)
  18 orcs
  7 bats
  3 giant cockroaches
  13 goblins
  8 hobgoblins
  9 jackals
  12 kobolds
  2 quokkas
  A ball python (D:3)
  5 frilled lizards (D:1)
  2 leopard gecko skeletons
  A leopard gecko zombie (D:6)
  5 rats
113 creatures vanquished.

Notes
Turn   | Place    | Note
-------+----------+-------------------------------------------
     0 | D:1      | Borgoz the Gargoyle Gladiator began the quest for the Orb.
     0 | D:1      | Reached XP level 1. HP: 12/12 MP: 1/1
    33 | D:1      | Reached XP level 2. HP: 11/18 MP: 2/2
   227 | D:1      | Reached skill level 1 in Armour
   321 | D:1      | Reached XP level 3. HP: 22/22 MP: 3/3
   859 | D:2      | Reached XP level 4. HP: 23/28 MP: 4/4
  1807 | D:2      | Reached XP level 5. HP: 17/32 MP: 5/5
  2924 | D:3      | Reached XP level 6. HP: 35/38 MP: 6/6
  2980 | D:3      | Noticed an ice beast
  2997 | D:3      | Killed an ice beast
  3245 | D:3      | Found a shimmering altar of Xom.
  3323 | D:3      | Found a faded altar of an unknown god.
  3815 | D:4      | Reached XP level 7. HP: 9/44 MP: 7/7
  4638 | D:5      | Entered Level 5 of the Dungeon
  4744 | D:5      | Found a hide-covered altar of Uskayaw.
  4790 | D:5      | Found a staircase to the Ecumenical Temple.
  4833 | Temple   | Entered the Ecumenical Temple
  4886 | Temple   | Became a worshipper of Ashenzari the Shackled
  5149 | D:5      | Found Xiheinn's Distillery.
  5194 | D:5      | Bought a potion of might for 44 gold pieces
  5194 | D:5      | Bought a potion of heal wounds for 55 gold pieces
  5194 | D:5      | Bought a potion of heal wounds for 55 gold pieces
  5413 | D:6      | Killed from afar by an orc priest

Levels and vault maps discovered:
D:1:      roderic_octagonal_star, layout_rooms, minmay_pentomino_p4
D:2:      layout_rooms, serial_bayou_lagoon_a, minmay_fractal_squares_gapless_5
D:3:      layout_basic, old_standard_altar, first_ration,
          chequers_ecumenical_altar_grove
D:4:      layout_loops_corners
D:5:      minmay_polygon_palace, layout_loops_ring,
          minmay_temple_entry_statues_pillars, serial_shops,
          nicolae_shop_waterfront, basic_altar
D:6:      layout_loops_corners, nicolae_ru_awakened_eye,
          gammafunk_temple_overflow_claw, overflow_temple_1_default,
          uniq_duvessa, uniq_crazy_yiuf_cottage, uniq_eustachio, uniq_pikel
Temple:   regret_index_temple_waves

Skill      XL: |  1  2  3  4  5  6  7 |
---------------+----------------------+-----
Armour         | 1 2 3 4 |  4.0
Fighting       | 3 4 |  4.6
Dodging        | 3 4 |  4.0
Maces & Flails | 4 |  4.8
Throwing       | |  1.7

Action                   |  1- 3 |  4- 6 |  7- 9 || total
-------------------------+-------+-------+-------++-------
Melee: Flail             |   129 |   264 |    55 ||   448
       Morningstar       |       |    17 |     4 ||    21
Throw: Throwing net      |       |     3 |       ||     3
  Use: Scroll            |       |     3 |     4 ||     7
       Potion            |       |     2 |     4 ||     6
 Stab: Sleeping          |       |     1 |       ||     1
  Eat: Chunk             |       |    10 |     4 ||    14
Armor: Leather armour    |    74 |   138 |       ||   212
       Ring mail         |       |    33 |    23 ||    56
Dodge: Dodged            |   124 |   280 |    33 ||   437

Table legend:
 A = Non-vault XP
 B = Vault XP
 C = Vault XP percentage of total XP
 D = Non-vault monster count
 E = Vault monster count
 F = Vault count percentage of total count
                 A         B        C        D         E       F
            +---------+---------+-------+---------+---------+-------
      Total |     844 |      13 |   1.5 |     105 |       8 |   7.1
            +---------+---------+-------+---------+---------+-------
        D:1 |      59 |       5 |   7.8 |      28 |       4 |  12.5
        D:2 |     187 |       8 |   4.1 |      36 |       4 |  10.0
        D:3 |     264 |       0 |   0.0 |      22 |       0 |   0.0
        D:4 |     247 |       0 |   0.0 |      12 |       0 |   0.0
        D:5 |      49 |       0 |   0.0 |       5 |       0 |   0.0
        D:6 |      38 |       0 |   0.0 |       2 |       0 |   0.0
            +---------+---------+-------+---------+---------+-------
